 Dungeon Crawl Stone Soup version 0.28-a0-969-g2dcde036d2 (webtiles) character file.

Game seed: 8750417379602709057

8 Decritt the Skirmisher (level 2, 12/24 HPs)
             Began as a Demonspawn Abyssal Knight on Dec 1, 2021.
             Was a Follower of Lugonu.
             Quit the game on level 1 of the Dungeon.
             The game lasted 00:00:57 (572 turns).

Decritt the Skirmisher (Demonspawn Abyssal Knight)   Turns: 572, Time: 00:00:57

Health: 12/24      AC:  3    Str: 13    XL:     2   Next: 0%
Magic:  3/3        EV: 11    Int: 11    God:    Lugonu [*.....]
Gold:   11         SH:  0    Dex: 13    Spells: 1/1 levels left

rFire   . . .      SeeInvis .   a - +1 falchion
rCold   . . .      Faith    .   (no shield)
rNeg    . . .      Spirit   .   b - +0 leather armour
rPois   .          Reflect  .   (no helmet)
rElec   .          Harm     .   (no cloak)
rCorr   .          Rampage  .   (no gloves)
Will    .....                   (no boots)
Stlth   +.........              (no amulet)
HPRegen 0.08/turn               (no ring)
MPRegen 0.16/turn               (no ring)

@: no status effects
A: magic regeneration
a: Renounce Religion, Depart the Abyss


You were on level 1 of the Dungeon.
You worshipped Lugonu.
Lugonu was aware of your devotion.
You visited 1 branch of the dungeon, and saw 1 of its levels.
You visited the Abyss 1 time.

You collected 11 gold pieces.

Inventory:

Hand Weapons
 a - a +1 falchion (weapon)
Armour
 b - a +0 leather armour (worn)
Scrolls
 c - a scroll of immolation {unknown}
Potions
 d - a potion of brilliance {unknown}


   Skills:
 * Level 3.2 Fighting
 + Level 1.9 Long Blades
 + Level 1.9 Armour
 + Level 1.1 Dodging
 - Level 2.4 Invocations


You had one spell level left.
You didn't know any spells.
Your spell library was empty.

Dungeon Overview and Level Annotations

Branches:
Dungeon (1/15)

Altars:


Innate Abilities, Weirdness & Mutations

You regenerate magic rapidly.


Message History

The rat is heavily wounded.
The endoplasm hits you.
* * * LOW HITPOINT WARNING * * *
The rat barely misses you.
The endoplasm falls through a shaft!
The shaft crumbles and collapses.
You hit the rat.
You kill the rat!
Lugonu accepts your kill. The bat hits you but does no damage. x2
You slash the bat!
You kill the bat!
Lugonu accepts your kill.
No target in view!
No target in view!
You see here a +0 leather armour.
You open the door.
A quokka comes into view.
There is an open door here.
The helpless quokka fails to defend itself.
You hit the quokka.
The quokka is heavily wounded.
The quokka barely misses you.
You barely miss the quokka.
The quokka is heavily wounded.
The quokka bites you. x2
You barely miss the quokka.
The quokka is heavily wounded.
The quokka bites you but does no damage.
You closely miss the quokka.
The quokka is heavily wounded.
The quokka closely misses you. The quokka bites you.
* * * LOW HITPOINT WARNING * * *
You slash the quokka!
You kill the quokka!
Lugonu accepts your kill.
You have reached level 2!
Your demonic ancestry asserts itself...
Your magic begins to regenerate rapidly.
Okay, then.
Are you sure you want to abandon this character and quit the game? (Confirm with "yes".)

.# #.# #.# ... #.# #.##
.... #.###...# #####
.....###....##.####....
#..........>....#....
#......†###.#.#.#####
#.#####†..#.#.#......
#...#.......#.#######
#...@[....###.....#..
#...#.........###.#.#
#...#########.....#.#
#.... #############.#
#..######..............
#..#
#......############ ...
#......####.# # ##
#......'.)..# #
#......####.#


There were no monsters in sight!

Vanquished Creatures
  A bat (D:1)
  A goblin (D:1)
  A hobgoblin (D:1)
  A kobold (D:1)
  A quokka (D:1)
  A ball python (D:1)
  A rat (D:1)
7 creatures vanquished.

Notes
Turn   | Place    | Note
-------+----------+-------------------------------------------
     0 | Abyss:1  | Decritt the Demonspawn Abyssal Knight began the quest for
                  | the Orb.
     0 | Abyss:1  | Reached XP level 1. HP: 18/18 MP: 2/2
   124 | Abyss:1  | Noticed a shadow
   129 | D:1      | Escaped the Abyss
   256 | D:1      | Reached skill level 1 in Dodging
   313 | D:1      | Reached * piety under Lugonu
   572 | D:1      | Gained mutation: You regenerate magic rapidly. [demonic
                  | ancestry]
   572 | D:1      | Reached XP level 2. HP: 12/24 MP: 3/3
   572 | D:1      | Quit the game

Illustrated notes

Levels and vault maps discovered:
D:1:      scummos_arrival_checkerplants, layout_basic, serial_forest,
          infiniplex_forest_lined_room_, infiniplex_forest_clump_double,
          infiniplex_forest_straight_2, infiniplex_forest_lined_3,
          infiniplex_forest_straight_3, infiniplex_forest_clump_small,
          minmay_3d_cube

Skill      XL: |  1 |
---------------+----+-----
Dodging        | 1 |  1.1
Fighting       | |  3.2
Long Blades    | |  1.9
Armour         | |  1.9
Invocations    | |  2.4

Action                   || total
-------------------------++-------
Melee: Falchion          ||    32
Invok: Depart the Abyss  ||     1
 Stab: Sleeping          ||     1
Armor: Leather armour    ||    14
Dodge: Dodged            ||    26

Table legend: (Time is in decaauts)
 A = Elapsed time spent in this place.
 B = Non-inter-level travel time spent in this place.
 C = Inter-level travel time spent in this place.
 D = Time resting spent in this place.
 E = Time spent auto-exploring this place.
 F = Levels seen in this place.
 G = Mean time per level.
                   A        B        C        D        E       F      G
               +--------+--------+--------+--------+--------+-----+--------+
         Total |    578 |    578 |      0 |      0 |    508 |   2 |  289.0 |
       Dungeon |    449 |    449 |      0 |      0 |    386 |   1 |  449.0 |
         Abyss |    129 |    129 |      0 |      0 |    122 |   1 |  129.0 |
               +--------+--------+--------+--------+--------+-----+--------+

Top non-repeatable levels by time:
     D:1: 449 daAuts
 Abyss:1: 129 daAuts
